Match 45374768
Unlisted

Match 45374768
End
Construct Infanterie Kompanie
Grenadier Squad
MG 42 Machine Gun Team
Grenadier Squad
Construct Panzergrenadier Kompanie
251 Medium Carrier
Grenadier Squad
Pak 40 Anti-tank Gun Team
Selects Luftwaffe Battlegroup
Selects Stuka Strafing Run
Selects Fallschirmjäger Squad Paradrop
Stuka Strafing Run
Construct Panzer Kompanie
Stuka Strafing Run
Selects Stuka Loiter
Selects Luftwaffe Pioneer Support
Sturmpanzer IV Brummbär
Stuka Strafing Run
Pioneer Squad
Selects Flak 38 Anti-Air Emplacement
Stuka Strafing Run
Panzer IV Medium Tank
Stuka Strafing Run
Fallschirmjäger Squad Paradrop
Stuka Strafing Run
Sturmpanzer IV Brummbär
Stuka Strafing Run
Pioneer Squad
Pioneer Squad
Stuka Strafing Run
Selects Infantry Reserves
Fallschirmjäger Squad Paradrop
Stuka Strafing Run
Arwootarch
MathiasCZR01
Urge to Merge
Relic only temp bans maphackers
我是人ds
B Ranked Aura Farmer
我不會說中文
cheez931
0
0

Comments sign in to comment!

No comments posted yet!